Senateurs vs Oilers
Created - February 27, 2022 at 19:39
Goals
|
Senateurs |
2 |
1 |
0 |
3 |
Oilers |
3 |
0 |
2 |
5 |
|
Shots
|
Senateurs |
10 |
14 |
11 |
35 |
Oilers |
11 |
6 |
15 |
32 |
|
1st period
1. Oilers , Benoit Pouliot 9 (Ryan Nugent-Hopkins 22, Cam Barker 8) at 4:07
2. Senateurs , Sidney Crosby 19 (Matt Martin 18, Reilly Smith 14) at 4:13
3. Senateurs , Bobby Ryan 7 (Sergei Kostitsyn 7) at 13:25
4. Oilers , Connor McDavid 17 (Evander Kane 34) at 14:00
5. Oilers , Taylor Hall 19 (Darnell Nurse 4, Connor McDavid 21) at 16:28
Penalties :
Benoit Pouliot (Edm) for Holding (Minor) at 8:49, Matt Martin (Ott) for Hooking (Minor) at 16:55
2nd period
6. Senateurs , Jean-Gabriel Pageau 10 (Rostislav Olesz 15, Rickard Rakell 12) at 8:03
Penalties :
Cam Barker (Edm) for Hooking (Minor) at 0:46, Benoit Pouliot (Edm) for Holding (Minor) at 4:38, Cody Franson (Ott) for Hooking (Minor) at 9:03, Michael Raffl (Ott) for Hooking (Minor) at 11:46, Ryan Nugent-Hopkins (Edm) for Holding (Minor) at 14:35
3rd period
7. Oilers , Benoit Pouliot 10 (Ryan Nugent-Hopkins 23, Adam Larsson 6) at 3:46 (PP)
8. Oilers , Evander Kane 24 (Leon Draisaitl 10) at 4:54 (PP)
Penalties :
Adam Larsson (Edm) for Hooking (Minor) at 1:22, Mike Green (Ott) for Holding (Minor) at 2:21, Matt Martin (Ott) for Hooking (Minor) at 4:30, Rickard Rakell (Ott) for Hooking (Minor) at 14:31
Goalie Stats
Brian Elliott (Ott), 16 saves from 21 shots - (0.762), L, 7-9-2, 44:54 minutes
Viktor Fasth (Ott), 11 saves from 11 shots - (1.000), 15:06 minutes
Jonas Hiller (Edm), 32 saves from 35 shots - (0.914), W, 4-0-1, 60:00 minutes
Players Stats for Senateurs
Player Name G A P +/- PIM S H SB GA TA FO MP PP MP PK MP
------------------------------------------------------------------------------------
Bobby Ryan 1 0 1 0 0 4 1 1 0 0 0/1 13:38 3:42 0:00
Brandon Burlon 0 0 0 -1 0 0 0 0 0 1 0/0 15:13 0:00 0:59
Cody Franson 0 0 0 -1 2 0 1 0 1 1 0/0 20:44 3:38 2:31
Eric Gelinas 0 0 0 0 0 3 2 0 1 0 0/0 29:26 5:17 5:19
Jean-Gabriel Pageau 1 0 1 0 0 2 1 1 0 0 7/12 17:28 3:42 2:32
Loui Eriksson 0 0 0 0 0 2 0 0 1 0 0/1 7:50 0:07 0:00
Matt Martin 0 1 1 0 4 2 2 0 1 1 0/1 19:55 3:42 3:32
Michael Matheson 0 0 0 1 0 0 0 0 0 0 0/0 8:54 0:00 0:00
Michael Raffl 0 0 0 0 2 2 0 0 0 0 1/1 9:29 0:19 1:33
Mike Green 0 0 0 0 2 1 2 1 2 2 0/0 28:38 5:16 4:58
Peter Mueller 0 0 0 0 0 2 1 0 0 0 2/2 7:29 0:07 0:00
Reilly Smith 0 1 1 0 0 4 3 1 0 0 0/2 21:00 5:06 2:17
Rickard Rakell 0 1 1 0 2 4 2 0 0 0 0/1 10:58 0:00 0:00
Rostislav Olesz 0 1 1 0 0 1 0 1 1 1 0/1 18:56 4:54 2:36
Ryan Getzlaf 0 0 0 0 0 1 0 0 0 0 3/4 9:47 0:00 0:00
Sergei Kostitsyn 0 1 1 0 0 2 1 0 0 0 0/0 9:47 0:00 0:00
Sidney Crosby 1 0 1 0 0 5 1 1 1 0 25/47 23:47 5:06 5:00
Taylor Chorney 0 0 0 1 0 0 0 1 0 0 0/0 17:10 3:38 3:43
Players Stats for Oilers
Player Name G A P +/- PIM S H SB GA TA FO MP PP MP PK MP
------------------------------------------------------------------------------------
Adam Larsson 0 1 1 -1 2 0 0 1 0 0 0/0 17:32 0:25 3:38
Benoit Pouliot 2 0 2 -1 4 3 0 0 0 0 0/0 16:23 0:40 2:07
Cam Barker 0 1 1 1 2 4 0 0 0 2 0/0 27:30 3:09 4:07
Connor McDavid 1 1 2 2 0 3 0 0 0 0 12/28 22:14 4:24 2:53
Darnell Nurse 0 1 1 -1 0 1 2 3 0 2 0/0 20:54 0:00 5:29
Duncan Keith 0 0 0 0 0 0 1 0 1 1 0/0 13:06 3:09 0:37
Dustin Brown 0 0 0 -1 0 0 0 0 0 0 0/0 8:22 0:15 0:00
Evander Kane 1 1 2 2 0 5 2 0 1 0 0/0 17:57 4:23 0:00
Jordan Eberle 0 0 0 -1 0 2 2 1 2 0 2/3 21:24 3:42 4:46
Kasperi Kapanen 0 0 0 0 0 2 0 0 0 0 0/0 6:22 0:00 0:00
Leon Draisaitl 0 1 1 -1 0 1 0 0 0 0 0/0 13:39 4:38 0:51
Maxim Lapierre 0 0 0 0 0 1 3 0 1 0 1/4 10:00 0:14 3:20
Rasmus Ristolainen 0 0 0 1 0 3 1 1 1 1 0/0 26:00 5:36 2:49
Ryan Nugent-Hopkins 0 2 2 -1 2 4 1 2 0 0 17/27 20:55 4:07 3:44
Taylor Hall 1 0 1 2 0 2 3 0 0 2 2/3 17:51 3:27 0:00
Ted Purcell 0 0 0 0 0 1 0 0 0 0 0/0 6:22 0:00 0:00
Tobias Enstrom 0 0 0 0 0 0 1 2 0 0 0/0 15:26 5:36 1:10
Yanni Gourde 0 0 0 -1 0 0 1 0 0 0 1/8 8:03 0:00 0:09
3 Stars
1 - Evander Kane (Edm)
2 - Connor McDavid (Edm)
3 - Taylor Hall (Edm)
Power Play
Senateurs - 0 on 5 Attempt(s) - 0.00%
Oilers - 2 on 6 Attempt(s) - 33.33%
Penalty Kill
Senateurs - 4 on 6 Attempt(s) - 66.67%
- Score 0 goal in Penalty Kill
Oilers - 5 on 5 Attempt(s) - 100.00%
- Score 0 goal in Penalty Kill
Team Stat
Senateurs - Hits : 17 - Faceoff Wins : 38 - Blocked Shots : 7 - Penalty Minutes : 12
Oilers - Hits : 17 - Faceoff Wins : 35 - Blocked Shots : 10 - Penalty Minutes : 10
Official
Referees : Chris Schlenker and Jacob Brenk
Linesman : Jonny Murray and Bevan Mills
Game Notes
Viktor Fasth enters game at 4:54 of 3rd period
Finance
Level 1 -- Attendance: 5525 (92.08%) -- Ticket Income $552,500
Level 2 -- Attendance: 5000 (100.00%) -- Ticket Income $300,000
Level 3 -- Attendance: 1884 (94.20%) -- Ticket Income $65,940
Level 4 -- Attendance: 3947 (98.68%) -- Ticket Income $98,675
Luxury Box -- Attendance: 1000 (100.00%) -- Ticket Income $200,000
Game was played at the Rodgers Place.
Total Attendance: 17356 (96.42%)
Total Ticket Income: $1,217,115
Other Income: $182,567
Total Income: $1,399,682
Senateurs
5 vs 5 Forward
Center Left Wing Right Wing Time % Phy DF OF
1 Sidney Crosby Matt Martin Reilly Smith 40 0 1 4
2 Jean-Gabriel Pageau Rostislav Olesz Rickard Rakell 35 0 1 4
3 Ryan Getzlaf Sergei Kostitsyn Bobby Ryan 15 0 2 3
4 Peter Mueller Michael Raffl Loui Eriksson 10 0 2 3
5 vs 5 Defense
Defense Defense Time % Phy DF OF
1 Eric Gelinas Mike Green 40 0 2 3
2 Cody Franson Brandon Burlon 30 0 2 3
3 Taylor Chorney Michael Matheson 20 0 2 3
4 Eric Gelinas Mike Green 10 1 3 1
PowerPlay Forward
Center Left Wing Right Wing Time % Phy DF OF
1 Sidney Crosby Rostislav Olesz Reilly Smith 60 0 1 4
2 Jean-Gabriel Pageau Matt Martin Bobby Ryan 40 0 1 4
PowerPlay Defense
Defense Defense Time % Phy DF OF
1 Mike Green Eric Gelinas 60 0 2 3
2 Cody Franson Taylor Chorney 40 0 2 3
Penalty Kill 4 Players Forward
Center Wing Time % Phy DF OF
1 Sidney Crosby Matt Martin 60 1 3 1
2 Jean-Gabriel Pageau Rostislav Olesz 40 1 3 1
Penalty Kill 4 Players Defense
Defense Defense Time % Phy DF OF
1 Eric Gelinas Mike Green 60 1 3 1
2 Cody Franson Taylor Chorney 40 1 3 1
Penalty Kill - 3 Players Forward
Forward Time % Phy DF OF
1 Sidney Crosby 60 0 4 1
2 Rickard Rakell 40 0 4 1
Penalty Kill - 3 Players Defense
Defense Defense Time % Phy DF OF
1 Eric Gelinas Mike Green 60 0 4 1
2 Cody Franson Taylor Chorney 40 0 4 1
4 vs 4 Forward
Center Wing Time % Phy DF OF
1 Sidney Crosby Reilly Smith 60 0 2 3
2 Jean-Gabriel Pageau Rostislav Olesz 40 0 2 3
4 vs 4 Defense
Defense Defense Time % Phy DF OF
1 Eric Gelinas Mike Green 60 0 2 3
2 Cody Franson Brandon Burlon 40 0 2 3
Last Minutes Offensive
Center Left Wing Right Wing Defense Defense
Sidney Crosby Matt Martin Bobby Ryan Eric Gelinas Mike Green
Last Minutes Defensive
Center Left Wing Right Wing Defense Defense
Sidney Crosby Matt Martin Bobby Ryan Eric Gelinas Mike Green
Goaltenders
Starting : Brian Elliott
Backup : Viktor Fasth
Extra Forwards
Normal : Reilly Smith, Loui Eriksson, Rostislav Olesz - PP : Sidney Crosby, Jean-Gabriel Pageau - PK : Reilly Smith
Extra Defensemen
Normal : Taylor Chorney, Brandon Burlon, Michael Matheson - PP : Taylor Chorney - PK : Taylor Chorney, Brandon Burlon
Penalty Shots
Sidney Crosby, Matt Martin, Jean-Gabriel Pageau, Bobby Ryan, Reilly Smith
Scratches
A.J. Jenks (Healthy), Nate Prosser (Healthy), T.J. Fast (Healthy)
Oilers
5 vs 5 Forward
Center Left Wing Right Wing Time % Phy DF OF
1 Connor McDavid Taylor Hall Evander Kane 40 1 2 2
2 Ryan Nugent-Hopkins Benoit Pouliot Jordan Eberle 30 1 2 2
3 Yanni Gourde Leon Draisaitl Dustin Brown 20 1 2 2
4 Maxim Lapierre Ted Purcell Kasperi Kapanen 10 1 2 2
5 vs 5 Defense
Defense Defense Time % Phy DF OF
1 Cam Barker Rasmus Ristolainen 40 1 2 2
2 Darnell Nurse Adam Larsson 30 1 2 2
3 Tobias Enstrom Duncan Keith 20 1 2 2
4 Cam Barker Darnell Nurse 10 1 2 2
PowerPlay Forward
Center Left Wing Right Wing Time % Phy DF OF
1 Connor McDavid Leon Draisaitl Evander Kane 60 1 2 2
2 Ryan Nugent-Hopkins Taylor Hall Jordan Eberle 40 1 2 2
PowerPlay Defense
Defense Defense Time % Phy DF OF
1 Rasmus Ristolainen Tobias Enstrom 60 1 2 2
2 Cam Barker Duncan Keith 40 1 2 2
Penalty Kill 4 Players Forward
Center Wing Time % Phy DF OF
1 Ryan Nugent-Hopkins Jordan Eberle 60 1 2 2
2 Maxim Lapierre Benoit Pouliot 40 1 2 2
Penalty Kill 4 Players Defense
Defense Defense Time % Phy DF OF
1 Cam Barker Darnell Nurse 60 1 2 2
2 Rasmus Ristolainen Adam Larsson 40 1 2 2
Penalty Kill - 3 Players Forward
Forward Time % Phy DF OF
1 Connor McDavid 60 1 2 2
2 Ryan Nugent-Hopkins 40 1 2 2
Penalty Kill - 3 Players Defense
Defense Defense Time % Phy DF OF
1 Cam Barker Darnell Nurse 60 1 2 2
2 Rasmus Ristolainen Adam Larsson 40 1 2 2
4 vs 4 Forward
Center Wing Time % Phy DF OF
1 Connor McDavid Taylor Hall 60 1 2 2
2 Ryan Nugent-Hopkins Benoit Pouliot 40 1 2 2
4 vs 4 Defense
Defense Defense Time % Phy DF OF
1 Cam Barker Darnell Nurse 60 1 2 2
2 Rasmus Ristolainen Adam Larsson 40 1 2 2
Last Minutes Offensive
Center Left Wing Right Wing Defense Defense
Connor McDavid Taylor Hall Jordan Eberle Cam Barker Darnell Nurse
Last Minutes Defensive
Center Left Wing Right Wing Defense Defense
Connor McDavid Taylor Hall Jordan Eberle Cam Barker Darnell Nurse
Goaltenders
Starting : Jonas Hiller
Backup : James Reimer
Extra Forwards
Normal : Connor McDavid, Leon Draisaitl, Ryan Nugent-Hopkins - PP : Connor McDavid, Leon Draisaitl - PK : Connor McDavid
Extra Defensemen
Normal : Adam Larsson, Tobias Enstrom, Duncan Keith - PP : Adam Larsson - PK : Adam Larsson, Tobias Enstrom
Penalty Shots
Connor McDavid, Evander Kane, Benoit Pouliot, Ted Purcell, Taylor Hall
Scratches
Jordan Caron (Healthy)
% Time on Ice - Senateurs
Lines # - Real PCT - Wanted PCT - Time Play
Normal Forward
1 - 32% - 40% - 13:23
2 - 27% - 35% - 11:02
3 - 24% - 15% - 9:47
4 - 17% - 10% - 7:08
Normal Defense
1 - 41% - 40% - 17:09
2 - 34% - 30% - 14:02
3 - 22% - 20% - 8:54
4 - 3% - 10% - 1:15
PP Forward
1 - 59% - 60% - 5:13
2 - 41% - 40% - 3:42
PP Defense
1 - 59% - 60% - 5:17
2 - 41% - 40% - 3:38
PK Forward
1 - 79% - 60% - 6:56
2 - 21% - 40% - 1:49
PK Defense
1 - 61% - 60% - 5:19
2 - 39% - 40% - 3:26
PK3 Forward
1 - 0% - 60%
2 - 0% - 40%
PK3 Defense
1 - 0% - 60%
2 - 0% - 40%
44 Forward
1 - 80% - 60% - 0:48
2 - 20% - 40% - 0:12
44 Defense
1 - 43% - 60% - 0:26
2 - 57% - 40% - 0:34
Last Minute Offensive - 0:00
Last Minute Defensive - 0:00
Total
Forward - 60:00
Defense - 60:00
|
% Time on Ice - Oilers
Lines # - Real PCT - Wanted PCT - Time Play
Normal Forward
1 - 34% - 40% - 14:11
2 - 32% - 30% - 13:08
3 - 19% - 20% - 7:39
4 - 15% - 10% - 6:22
Normal Defense
1 - 42% - 40% - 17:11
2 - 35% - 30% - 14:31
3 - 20% - 20% - 8:14
4 - 3% - 10% - 1:24
PP Forward
1 - 53% - 60% - 4:38
2 - 47% - 40% - 4:07
PP Defense
1 - 59% - 60% - 5:11
2 - 41% - 40% - 3:34
PK Forward
1 - 74% - 60% - 6:36
2 - 26% - 40% - 2:19
PK Defense
1 - 68% - 60% - 6:06
2 - 32% - 40% - 2:49
PK3 Forward
1 - 0% - 60%
2 - 0% - 40%
PK3 Defense
1 - 0% - 60%
2 - 0% - 40%
44 Forward
1 - 85% - 60% - 0:51
2 - 15% - 40% - 0:09
44 Defense
1 - 70% - 60% - 0:42
2 - 30% - 40% - 0:18
Last Minute Offensive - 0:00
Last Minute Defensive - 0:00
Total
Forward - 60:00
Defense - 60:00
|
Play-by-Play
1st period
0:01 of 1st period - Sidney Crosby wins face-off versus Connor McDavid in neutral zone.
0:14 of 1st period - Wrist shot by Sidney Crosby.
0:14 of 1st period - Deflect By Matt Martin.
0:14 of 1st period - Shot Misses the Net.
0:14 of 1st period - Puck is out of play.
0:15 of 1st period - Ryan Nugent-Hopkins wins face-off versus Rickard Rakell in Oilers zone.
0:24 of 1st period - Wrist shot by Benoit Pouliot.
0:24 of 1st period - Shot Misses the Net.
0:42 of 1st period - Leon Draisaitl is hit by Cody Franson and loses puck.
1:08 of 1st period - Evander Kane is hit by Matt Martin and loses puck.
1:49 of 1st period - Rickard Rakell is hit by Ryan Nugent-Hopkins and loses puck.
1:55 of 1st period - Off-side.
1:56 of 1st period - Sidney Crosby wins face-off versus Connor McDavid in neutral zone.
2:11 of 1st period - Wrist shot by Sidney Crosby.
2:11 of 1st period - Stopped by Jonas Hiller without a rebound.
2:12 of 1st period - Jean-Gabriel Pageau wins face-off versus Ryan Nugent-Hopkins in Oilers zone.
2:27 of 1st period - Snap shot by Ryan Nugent-Hopkins.
2:27 of 1st period - Shot Blocked by Mike Green.
2:39 of 1st period - Eric Gelinas is hit by Evander Kane and loses puck.
3:32 of 1st period - Snap shot by Ted Purcell.
3:32 of 1st period - Stopped by Brian Elliott without a rebound.
3:33 of 1st period - Jean-Gabriel Pageau wins face-off versus Connor McDavid in Senateurs zone.
3:33 of 1st period - Jean-Gabriel Pageau is hit by Evander Kane.
4:07 of 1st period - Wrist shot by Benoit Pouliot.
4:07 of 1st period - Goal by Benoit Pouliot - Senateurs : 0 - Oilers : 1.
4:08 of 1st period - Sidney Crosby wins face-off versus Ryan Nugent-Hopkins in neutral zone.
4:11 of 1st period - Slapshot by Sidney Crosby.
4:11 of 1st period - Stopped by Jonas Hiller with a rebound.
4:13 of 1st period - Snap shot by Matt Martin.
4:13 of 1st period - Deflect By Sidney Crosby.
4:13 of 1st period - Goal by Sidney Crosby - Senateurs : 1 - Oilers : 1.
4:14 of 1st period - Yanni Gourde wins face-off versus Sidney Crosby in neutral zone.
4:16 of 1st period - Off-side.
4:17 of 1st period - Sidney Crosby wins face-off versus Yanni Gourde in neutral zone.
5:08 of 1st period - Snap shot by Sergei Kostitsyn.
5:08 of 1st period - Stopped by Jonas Hiller with a rebound.
5:10 of 1st period - Wrist shot by Sergei Kostitsyn.
5:10 of 1st period - Shot Blocked by Jordan Eberle.
5:12 of 1st period - Snap shot by Bobby Ryan.
5:12 of 1st period - Shot Misses the Net.
5:22 of 1st period - Peter Mueller is hit by Maxim Lapierre and loses puck.
5:44 of 1st period - Off-side.
5:45 of 1st period - Sidney Crosby wins face-off versus Yanni Gourde in neutral zone.
6:12 of 1st period - Icing by Adam Larsson.
6:13 of 1st period - Connor McDavid wins face-off versus Jean-Gabriel Pageau in Oilers zone.
6:24 of 1st period - Snap shot by Connor McDavid.
6:24 of 1st period - Shot Blocked by Jean-Gabriel Pageau.
6:54 of 1st period - Slapshot by Evander Kane.
6:54 of 1st period - Stopped by Brian Elliott without a rebound.
6:55 of 1st period - Jordan Eberle wins face-off versus Sidney Crosby in Senateurs zone.
7:09 of 1st period - Slapshot by Ryan Nugent-Hopkins.
7:09 of 1st period - Shot Blocked by Reilly Smith.
7:11 of 1st period - Slapshot by Ryan Nugent-Hopkins.
7:11 of 1st period - Shot Misses the Net.
7:43 of 1st period - Slapshot by Kasperi Kapanen.
7:43 of 1st period - Stopped by Brian Elliott without a rebound.
7:44 of 1st period - Peter Mueller wins face-off versus Maxim Lapierre in Senateurs zone.
8:40 of 1st period - Off-side.
8:41 of 1st period - Jean-Gabriel Pageau wins face-off versus Ryan Nugent-Hopkins in neutral zone.
8:49 of 1st period - Minor Penalty to Benoit Pouliot for Holding.
8:50 of 1st period - Sidney Crosby wins face-off versus Ryan Nugent-Hopkins in Oilers zone.
9:40 of 1st period - Taylor Chorney is hit by Maxim Lapierre and loses puck.
10:49 of 1st period - Penalty to Benoit Pouliot is over, Benoit Pouliot is back on ice.
11:06 of 1st period - Icing by Yanni Gourde.
11:07 of 1st period - Ryan Getzlaf wins face-off versus Taylor Hall in Oilers zone.
11:08 of 1st period - Wrist shot by Bobby Ryan.
11:08 of 1st period - Stopped by Jonas Hiller with a rebound.
11:14 of 1st period - Wrist shot by Connor McDavid.
11:14 of 1st period - Stopped by Brian Elliott without a rebound.
11:15 of 1st period - Ryan Nugent-Hopkins wins face-off versus Sidney Crosby in Senateurs zone.
11:21 of 1st period - Icing by Michael Matheson.
11:22 of 1st period - Sidney Crosby wins face-off versus Ryan Nugent-Hopkins in Senateurs zone.
11:35 of 1st period - Wrist shot by Matt Martin.
11:35 of 1st period - Shot Hit the Post.
11:39 of 1st period - Wrist shot by Reilly Smith.
11:39 of 1st period - Stopped by Jonas Hiller without a rebound.
11:40 of 1st period - Jean-Gabriel Pageau wins face-off versus Connor McDavid in Oilers zone.
11:48 of 1st period - Icing by Connor McDavid.
11:49 of 1st period - Connor McDavid wins face-off versus Jean-Gabriel Pageau in Oilers zone.
12:12 of 1st period - Connor McDavid is hit by Rickard Rakell and loses puck.
12:45 of 1st period - Snap shot by Rickard Rakell.
12:45 of 1st period - Shot Misses the Net.
12:47 of 1st period - Wrist shot by Rickard Rakell.
12:47 of 1st period - Stopped by Jonas Hiller with a rebound.
12:49 of 1st period - Snap shot by Rostislav Olesz.
12:49 of 1st period - Stopped by Jonas Hiller without a rebound.
12:50 of 1st period - Ryan Nugent-Hopkins wins face-off versus Sidney Crosby in Oilers zone.
13:23 of 1st period - Wrist shot by Sergei Kostitsyn.
13:23 of 1st period - Stopped by Jonas Hiller with a rebound.
13:25 of 1st period - Wrist shot by Bobby Ryan.
13:25 of 1st period - Goal by Bobby Ryan - Senateurs : 2 - Oilers : 1.
13:26 of 1st period - Ryan Nugent-Hopkins wins face-off versus Sidney Crosby in neutral zone.
14:00 of 1st period - Slapshot by Connor McDavid.
14:00 of 1st period - Goal by Connor McDavid - Senateurs : 2 - Oilers : 2.
14:01 of 1st period - Sidney Crosby wins face-off versus Yanni Gourde in neutral zone.
14:28 of 1st period - Darnell Nurse is hit by Mike Green and loses puck.
14:33 of 1st period - Slapshot by Bobby Ryan.
14:33 of 1st period - Shot Hit the Post.
15:09 of 1st period - Ryan Getzlaf is hit by Duncan Keith and loses puck.
15:18 of 1st period - Snap shot by Connor McDavid.
15:18 of 1st period - Shot Blocked by Bobby Ryan.
15:42 of 1st period - Snap shot by Sergei Kostitsyn.
15:42 of 1st period - Shot Blocked by Darnell Nurse.
16:24 of 1st period - Wrist shot by Taylor Hall.
16:24 of 1st period - Stopped by Brian Elliott with a rebound.
16:26 of 1st period - Slapshot by Darnell Nurse.
16:26 of 1st period - Shot Misses the Net.
16:28 of 1st period - Wrist shot by Taylor Hall.
16:28 of 1st period - Goal by Taylor Hall - Senateurs : 2 - Oilers : 3.
16:29 of 1st period - Sidney Crosby wins face-off versus Ryan Nugent-Hopkins in neutral zone.
16:31 of 1st period - Off-side.
16:32 of 1st period - Sidney Crosby wins face-off versus Ryan Nugent-Hopkins in neutral zone.
16:45 of 1st period - Snap shot by Benoit Pouliot.
16:45 of 1st period - Shot Misses the Net.
16:47 of 1st period - Slapshot by Cam Barker.
16:47 of 1st period - Stopped by Brian Elliott with a rebound.
16:55 of 1st period - Minor Penalty to Matt Martin for Hooking.
16:56 of 1st period - Ryan Nugent-Hopkins wins face-off versus Sidney Crosby in Senateurs zone.
16:57 of 1st period - Slapshot by Rasmus Ristolainen.
16:57 of 1st period - Stopped by Brian Elliott with a rebound.
16:59 of 1st period - Snap shot by Ryan Nugent-Hopkins.
16:59 of 1st period - Stopped by Brian Elliott without a rebound.
17:00 of 1st period - Taylor Hall wins face-off versus Sidney Crosby in Senateurs zone.
18:55 of 1st period - Penalty to Matt Martin is over, Matt Martin is back on ice.
19:20 of 1st period - Benoit Pouliot is hit by Peter Mueller and loses puck.
19:58 of 1st period - Wrist shot by Bobby Ryan.
19:58 of 1st period - Shot Misses the Net.
Goals for this period are 2 for Senateurs vs 3 for Oilers.
Shots for this period are 10 for Senateurs vs 11 for Oilers.
2nd period
0:01 of 2nd period - Ryan Nugent-Hopkins wins face-off versus Sidney Crosby in neutral zone.
0:38 of 2nd period - Wrist shot by Peter Mueller.
0:38 of 2nd period - Stopped by Jonas Hiller with a rebound.
0:46 of 2nd period - Minor Penalty to Cam Barker for Hooking.
0:47 of 2nd period - Sidney Crosby wins face-off versus Ryan Nugent-Hopkins in Oilers zone.
0:50 of 2nd period - Snap shot by Reilly Smith.
0:50 of 2nd period - Shot Blocked by Darnell Nurse.
0:52 of 2nd period - Snap shot by Mike Green.
0:52 of 2nd period - Shot Misses the Net.
0:54 of 2nd period - Snap shot by Rostislav Olesz.
0:54 of 2nd period - Shot Blocked by Adam Larsson.
1:20 of 2nd period - Snap shot by Jean-Gabriel Pageau.
1:20 of 2nd period - Shot Misses the Net.
1:22 of 2nd period - Backhand shot by Matt Martin.
1:22 of 2nd period - Deflect By Jean-Gabriel Pageau.
1:22 of 2nd period - Shot Misses the Net.
1:22 of 2nd period - Puck is out of play.
1:23 of 2nd period - Ryan Nugent-Hopkins wins face-off versus Sidney Crosby in Oilers zone.
2:06 of 2nd period - Duncan Keith is hit by Reilly Smith and loses puck.
2:46 of 2nd period - Penalty to Cam Barker is over, Cam Barker is back on ice.
2:56 of 2nd period - Peter Mueller is hit by Rasmus Ristolainen and loses puck.
3:06 of 2nd period - Off-side.
3:07 of 2nd period - Ryan Getzlaf wins face-off versus Maxim Lapierre in neutral zone.
3:10 of 2nd period - Ted Purcell is hit by Mike Green and loses puck.
3:19 of 2nd period - Slapshot by Maxim Lapierre.
3:19 of 2nd period - Deflect By Kasperi Kapanen.
3:19 of 2nd period - Stopped by Brian Elliott with a rebound.
3:21 of 2nd period - Slapshot by Cam Barker.
3:21 of 2nd period - Deflect By Bobby Ryan.
3:21 of 2nd period - Stopped by Brian Elliott without a rebound.
3:22 of 2nd period - Ryan Nugent-Hopkins wins face-off versus Sidney Crosby in Senateurs zone.
3:56 of 2nd period - Snap shot by Connor McDavid.
3:56 of 2nd period - Shot Misses the Net.
4:35 of 2nd period - Icing by Bobby Ryan.
4:36 of 2nd period - Ryan Nugent-Hopkins wins face-off versus Bobby Ryan in Senateurs zone.
4:38 of 2nd period - Minor Penalty to Benoit Pouliot for Holding.
4:39 of 2nd period - Sidney Crosby wins face-off versus Ryan Nugent-Hopkins in Oilers zone.
4:39 of 2nd period - Backhand shot by Reilly Smith.
4:39 of 2nd period - Shot Blocked by Ryan Nugent-Hopkins.
4:45 of 2nd period - Snap shot by Rostislav Olesz.
4:45 of 2nd period - Deflect By Sidney Crosby.
4:45 of 2nd period - Stopped by Jonas Hiller without a rebound.
4:46 of 2nd period - Sidney Crosby wins face-off versus Jordan Eberle in Oilers zone.
4:51 of 2nd period - Slapshot by Reilly Smith.
4:51 of 2nd period - Stopped by Jonas Hiller with a rebound.
4:53 of 2nd period - Snap shot by Sidney Crosby.
4:53 of 2nd period - Stopped by Jonas Hiller without a rebound.
4:54 of 2nd period - Ryan Nugent-Hopkins wins face-off versus Sidney Crosby in Oilers zone.
4:54 of 2nd period - Ryan Nugent-Hopkins is hit by Reilly Smith.
5:06 of 2nd period - Snap shot by Reilly Smith.
5:06 of 2nd period - Shot Misses the Net.
5:08 of 2nd period - Snap shot by Mike Green.
5:08 of 2nd period - Shot Blocked by Ryan Nugent-Hopkins.
5:20 of 2nd period - Jean-Gabriel Pageau is hit by Darnell Nurse and loses puck.
5:50 of 2nd period - Rasmus Ristolainen is hit by Jean-Gabriel Pageau and loses puck.
6:17 of 2nd period - Matt Martin is hit by Maxim Lapierre and loses puck.
6:38 of 2nd period - Penalty to Benoit Pouliot is over, Benoit Pouliot is back on ice.
6:41 of 2nd period - Icing by Maxim Lapierre.
6:42 of 2nd period - Michael Raffl wins face-off versus Yanni Gourde in Oilers zone.
6:43 of 2nd period - Wrist shot by Loui Eriksson.
6:43 of 2nd period - Stopped by Jonas Hiller with a rebound.
6:45 of 2nd period - Slapshot by Mike Green.
6:45 of 2nd period - Stopped by Jonas Hiller with a rebound.
6:47 of 2nd period - Snap shot by Michael Raffl.
6:47 of 2nd period - Stopped by Jonas Hiller without a rebound.
6:48 of 2nd period - Peter Mueller wins face-off versus Yanni Gourde in Oilers zone.
6:51 of 2nd period - Snap shot by Loui Eriksson.
6:51 of 2nd period - Stopped by Jonas Hiller with a rebound.
6:53 of 2nd period - Slapshot by Eric Gelinas.
6:53 of 2nd period - Stopped by Jonas Hiller with a rebound.
6:55 of 2nd period - Snap shot by Michael Raffl.
6:55 of 2nd period - Stopped by Jonas Hiller with a rebound.
7:21 of 2nd period - Snap shot by Leon Draisaitl.
7:21 of 2nd period - Stopped by Brian Elliott with a rebound.
7:33 of 2nd period - Slapshot by Peter Mueller.
7:33 of 2nd period - Stopped by Jonas Hiller without a rebound.
7:34 of 2nd period - Taylor Hall wins face-off versus Sidney Crosby in Oilers zone.
7:49 of 2nd period - Snap shot by Evander Kane.
7:49 of 2nd period - Deflect By Matt Martin.
7:49 of 2nd period - Stopped by Brian Elliott without a rebound.
7:50 of 2nd period - Ryan Nugent-Hopkins wins face-off versus Jean-Gabriel Pageau in Senateurs zone.
7:59 of 2nd period - Slapshot by Rostislav Olesz.
7:59 of 2nd period - Shot Misses the Net.
8:01 of 2nd period - Snap shot by Rickard Rakell.
8:01 of 2nd period - Stopped by Jonas Hiller with a rebound.
8:03 of 2nd period - Snap shot by Rostislav Olesz.
8:03 of 2nd period - Deflect By Jean-Gabriel Pageau.
8:03 of 2nd period - Goal by Jean-Gabriel Pageau - Senateurs : 3 - Oilers : 3.
8:04 of 2nd period - Sidney Crosby wins face-off versus Connor McDavid in neutral zone.
8:07 of 2nd period - Snap shot by Sidney Crosby.
8:07 of 2nd period - Shot Misses the Net.
8:39 of 2nd period - Snap shot by Jordan Eberle.
8:39 of 2nd period - Stopped by Brian Elliott without a rebound.
8:40 of 2nd period - Connor McDavid wins face-off versus Rostislav Olesz in Senateurs zone.
9:03 of 2nd period - Minor Penalty to Cody Franson for Hooking.
9:04 of 2nd period - Sidney Crosby wins face-off versus Connor McDavid in Senateurs zone.
11:03 of 2nd period - Penalty to Cody Franson is over, Cody Franson is back on ice.
11:15 of 2nd period - Ted Purcell is hit by Sergei Kostitsyn and loses puck.
11:46 of 2nd period - Minor Penalty to Michael Raffl for Hooking.
11:47 of 2nd period - Sidney Crosby wins face-off versus Connor McDavid in Senateurs zone.
12:13 of 2nd period - Jean-Gabriel Pageau is hit by Taylor Hall and loses puck.
13:17 of 2nd period - Rostislav Olesz is hit by Tobias Enstrom and loses puck.
13:27 of 2nd period - Icing by Jordan Eberle.
13:28 of 2nd period - Connor McDavid wins face-off versus Reilly Smith in Oilers zone.
13:46 of 2nd period - Penalty to Michael Raffl is over, Michael Raffl is back on ice.
13:58 of 2nd period - Off-side.
13:59 of 2nd period - Ryan Getzlaf wins face-off versus Maxim Lapierre in neutral zone.
14:35 of 2nd period - Minor Penalty to Ryan Nugent-Hopkins for Holding.
14:36 of 2nd period - Connor McDavid wins face-off versus Sidney Crosby in Oilers zone.
16:35 of 2nd period - Penalty to Ryan Nugent-Hopkins is over, Ryan Nugent-Hopkins is back on ice.
17:25 of 2nd period - Peter Mueller is hit by Yanni Gourde and loses puck.
18:22 of 2nd period - Off-side.
18:23 of 2nd period - Ryan Nugent-Hopkins wins face-off versus Jean-Gabriel Pageau in neutral zone.
18:44 of 2nd period - Yanni Gourde is hit by Sidney Crosby.
18:52 of 2nd period - Wrist shot by Sidney Crosby.
18:52 of 2nd period - Shot Misses the Net.
18:54 of 2nd period - Slapshot by Matt Martin.
18:54 of 2nd period - Stopped by Jonas Hiller with a rebound.
18:56 of 2nd period - Slapshot by Sidney Crosby.
18:56 of 2nd period - Shot Misses the Net.
18:58 of 2nd period - Wrist shot by Michael Matheson.
18:58 of 2nd period - Shot Blocked by Rasmus Ristolainen.
19:08 of 2nd period - Slapshot by Rasmus Ristolainen.
19:08 of 2nd period - Shot Misses the Net.
19:10 of 2nd period - Slapshot by Rasmus Ristolainen.
19:10 of 2nd period - Stopped by Brian Elliott with a rebound.
19:12 of 2nd period - Snap shot by Taylor Hall.
19:12 of 2nd period - Shot Misses the Net.
19:55 of 2nd period - Off-side.
19:56 of 2nd period - Connor McDavid wins face-off versus Sidney Crosby in neutral zone.
19:56 of 2nd period - Connor McDavid is hit by Matt Martin.
Goals for this period are 1 for Senateurs vs 0 for Oilers.
Shots for this period are 14 for Senateurs vs 6 for Oilers.
3rd period
0:01 of 3rd period - Sidney Crosby wins face-off versus Connor McDavid in neutral zone.
0:14 of 3rd period - Slapshot by Matt Martin.
0:14 of 3rd period - Deflect By Reilly Smith.
0:14 of 3rd period - Stopped by Jonas Hiller with a rebound.
0:16 of 3rd period - Slapshot by Mike Green.
0:16 of 3rd period - Shot Misses the Net.
0:28 of 3rd period - Jean-Gabriel Pageau is hit by Jordan Eberle and loses puck.
0:58 of 3rd period - Rasmus Ristolainen is hit by Eric Gelinas and loses puck.
1:22 of 3rd period - Minor Penalty to Adam Larsson for Hooking.
1:23 of 3rd period - Sidney Crosby wins face-off versus Ryan Nugent-Hopkins in Oilers zone.
2:21 of 3rd period - Minor Penalty to Mike Green for Holding.
2:22 of 3rd period - Sidney Crosby wins face-off versus Connor McDavid in Senateurs zone.
2:54 of 3rd period - Icing by Connor McDavid.
2:55 of 3rd period - Sidney Crosby wins face-off versus Connor McDavid in Oilers zone.
3:18 of 3rd period - Slapshot by Benoit Pouliot.
3:18 of 3rd period - Shot Blocked by Rostislav Olesz.
3:22 of 3rd period - Penalty to Adam Larsson is over, Adam Larsson is back on ice.
3:32 of 3rd period - Wrist shot by Benoit Pouliot.
3:32 of 3rd period - Shot Misses the Net.
3:38 of 3rd period - Slapshot by Rasmus Ristolainen.
3:38 of 3rd period - Shot Blocked by Taylor Chorney.
3:40 of 3rd period - Snap shot by Adam Larsson.
3:40 of 3rd period - Shot Misses the Net.
3:44 of 3rd period - Backhand shot by Ryan Nugent-Hopkins.
3:44 of 3rd period - Stopped by Brian Elliott with a rebound.
3:46 of 3rd period - Wrist shot by Benoit Pouliot.
3:46 of 3rd period - Goal by Benoit Pouliot - Senateurs : 3 - Oilers : 4.
3:47 of 3rd period - Jean-Gabriel Pageau wins face-off versus Connor McDavid in neutral zone.
4:24 of 3rd period - Slapshot by Jordan Eberle.
4:24 of 3rd period - Shot Blocked by Sidney Crosby.
4:30 of 3rd period - Minor Penalty to Matt Martin for Hooking.
4:31 of 3rd period - Connor McDavid wins face-off versus Sidney Crosby in Senateurs zone.
4:42 of 3rd period - Slapshot by Rasmus Ristolainen.
4:42 of 3rd period - Stopped by Brian Elliott without a rebound.
4:43 of 3rd period - Sidney Crosby wins face-off versus Connor McDavid in Senateurs zone.
4:54 of 3rd period - Wrist shot by Evander Kane.
4:54 of 3rd period - Goal by Evander Kane - Senateurs : 3 - Oilers : 5.
4:54 of 3rd period - Viktor Fasth enters game.
4:55 of 3rd period - Sidney Crosby wins face-off versus Connor McDavid in neutral zone.
5:02 of 3rd period - Taylor Hall is hit by Reilly Smith and loses puck.
5:21 of 3rd period - Mike Green is hit by Jordan Eberle.
5:25 of 3rd period - Slapshot by Eric Gelinas.
5:25 of 3rd period - Deflect By Jean-Gabriel Pageau.
5:25 of 3rd period - Shot Misses the Net.
5:25 of 3rd period - Puck is out of play.
5:26 of 3rd period - Ryan Nugent-Hopkins wins face-off versus Jean-Gabriel Pageau in Oilers zone.
5:26 of 3rd period - Ryan Nugent-Hopkins is hit by Rickard Rakell.
6:54 of 3rd period - Snap shot by Bobby Ryan.
6:54 of 3rd period - Shot Blocked by Tobias Enstrom.
6:56 of 3rd period - Snap shot by Ryan Getzlaf.
6:56 of 3rd period - Shot Misses the Net.
6:58 of 3rd period - Snap shot by Bobby Ryan.
6:58 of 3rd period - Stopped by Jonas Hiller with a rebound.
7:02 of 3rd period - Snap shot by Bobby Ryan.
7:02 of 3rd period - Stopped by Jonas Hiller without a rebound.
7:03 of 3rd period - Sidney Crosby wins face-off versus Connor McDavid in Oilers zone.
7:04 of 3rd period - Snap shot by Matt Martin.
7:04 of 3rd period - Shot Misses the Net.
7:06 of 3rd period - Slapshot by Eric Gelinas.
7:06 of 3rd period - Deflect By Connor McDavid.
7:06 of 3rd period - Stopped by Jonas Hiller without a rebound.
7:07 of 3rd period - Connor McDavid wins face-off versus Sidney Crosby in Oilers zone.
8:02 of 3rd period - Loui Eriksson is hit by Darnell Nurse and loses puck.
8:31 of 3rd period - Slapshot by Matt Martin.
8:31 of 3rd period - Shot Blocked by Tobias Enstrom.
8:33 of 3rd period - Slapshot by Eric Gelinas.
8:33 of 3rd period - Stopped by Jonas Hiller with a rebound.
8:49 of 3rd period - Rickard Rakell is hit by Taylor Hall and loses puck.
9:50 of 3rd period - Backhand shot by Ryan Nugent-Hopkins.
9:50 of 3rd period - Stopped by Viktor Fasth without a rebound.
9:51 of 3rd period - Ryan Nugent-Hopkins wins face-off versus Sidney Crosby in Senateurs zone.
10:22 of 3rd period - Taylor Chorney is hit by Taylor Hall and loses puck.
10:27 of 3rd period - Snap shot by Connor McDavid.
10:27 of 3rd period - Stopped by Viktor Fasth without a rebound.
10:28 of 3rd period - Connor McDavid wins face-off versus Reilly Smith in Senateurs zone.
11:02 of 3rd period - Snap shot by Jean-Gabriel Pageau.
11:02 of 3rd period - Deflect By Rickard Rakell.
11:02 of 3rd period - Shot Misses the Net.
11:02 of 3rd period - Puck is out of play.
11:03 of 3rd period - Ryan Nugent-Hopkins wins face-off versus Sidney Crosby in Oilers zone.
11:30 of 3rd period - Snap shot by Jean-Gabriel Pageau.
11:30 of 3rd period - Shot Blocked by Darnell Nurse.
11:32 of 3rd period - Wrist shot by Rickard Rakell.
11:32 of 3rd period - Stopped by Jonas Hiller without a rebound.
11:33 of 3rd period - Jean-Gabriel Pageau wins face-off versus Connor McDavid in Oilers zone.
12:00 of 3rd period - Wrist shot by Evander Kane.
12:00 of 3rd period - Stopped by Viktor Fasth with a rebound.
12:38 of 3rd period - Snap shot by Jean-Gabriel Pageau.
12:38 of 3rd period - Stopped by Jonas Hiller with a rebound.
12:44 of 3rd period - Snap shot by Rickard Rakell.
12:44 of 3rd period - Stopped by Jonas Hiller without a rebound.
12:45 of 3rd period - Ryan Nugent-Hopkins wins face-off versus Matt Martin in Oilers zone.
12:52 of 3rd period - Slapshot by Cam Barker.
12:52 of 3rd period - Deflect By Reilly Smith.
12:52 of 3rd period - Stopped by Viktor Fasth without a rebound.
12:53 of 3rd period - Ryan Nugent-Hopkins wins face-off versus Sidney Crosby in Senateurs zone.
13:06 of 3rd period - Slapshot by Reilly Smith.
13:06 of 3rd period - Stopped by Jonas Hiller without a rebound.
13:07 of 3rd period - Jordan Eberle wins face-off versus Sidney Crosby in Oilers zone.
13:12 of 3rd period - Snap shot by Jordan Eberle.
13:12 of 3rd period - Stopped by Viktor Fasth with a rebound.
13:34 of 3rd period - Dustin Brown is hit by Eric Gelinas.
13:38 of 3rd period - Slapshot by Cam Barker.
13:38 of 3rd period - Stopped by Viktor Fasth with a rebound.
13:40 of 3rd period - Snap shot by Darnell Nurse.
13:40 of 3rd period - Stopped by Viktor Fasth without a rebound.
13:41 of 3rd period - Connor McDavid wins face-off versus Loui Eriksson in Senateurs zone.
13:46 of 3rd period - Snap shot by Evander Kane.
13:46 of 3rd period - Stopped by Viktor Fasth without a rebound.
13:47 of 3rd period - Connor McDavid wins face-off versus Sidney Crosby in Senateurs zone.
14:31 of 3rd period - Minor Penalty to Rickard Rakell for Hooking.
14:32 of 3rd period - Sidney Crosby wins face-off versus Connor McDavid in Senateurs zone.
14:43 of 3rd period - Slapshot by Matt Martin.
14:43 of 3rd period - Stopped by Jonas Hiller without a rebound.
14:44 of 3rd period - Connor McDavid wins face-off versus Sidney Crosby in Oilers zone.
16:31 of 3rd period - Penalty to Rickard Rakell is over, Rickard Rakell is back on ice.
16:41 of 3rd period - Icing by Ryan Getzlaf.
16:42 of 3rd period - Maxim Lapierre wins face-off versus Ryan Getzlaf in Senateurs zone.
17:13 of 3rd period - Adam Larsson is hit by Bobby Ryan and loses puck.
17:56 of 3rd period - Snap shot by Ted Purcell.
17:56 of 3rd period - Shot Misses the Net.
17:58 of 3rd period - Slapshot by Maxim Lapierre.
17:58 of 3rd period - Stopped by Viktor Fasth with a rebound.
18:12 of 3rd period - Wrist shot by Ryan Getzlaf.
18:12 of 3rd period - Stopped by Jonas Hiller without a rebound.
18:13 of 3rd period - Sidney Crosby wins face-off versus Yanni Gourde in Oilers zone.
18:44 of 3rd period - Snap shot by Benoit Pouliot.
18:44 of 3rd period - Stopped by Viktor Fasth with a rebound.
18:46 of 3rd period - Backhand shot by Benoit Pouliot.
18:46 of 3rd period - Shot Misses the Net.
18:48 of 3rd period - Snap shot by Ryan Nugent-Hopkins.
18:48 of 3rd period - Stopped by Viktor Fasth without a rebound.
18:49 of 3rd period - Jean-Gabriel Pageau wins face-off versus Yanni Gourde in Senateurs zone.
18:54 of 3rd period - Slapshot by Taylor Chorney.
18:54 of 3rd period - Shot Misses the Net.
Goals for this period are 0 for Senateurs vs 2 for Oilers.
Shots for this period are 11 for Senateurs vs 15 for Oilers.